 Dungeon Crawl Stone Soup version 0.26.0-3-g156281e41b (webtiles) character file.

Game seed: 8638376362200939635

748 Cykl0x the Shield-Bearer (level 8, -6/67 HPs)
             Began as a Formicid Fighter on Jan 9, 2021.
             Was a Priest of Elyvilon.
             Mangled by an orc warrior
             ... wielding a +0 battleaxe
              (15 damage)
             ... on level 6 of the Dungeon.
             The game lasted 00:09:50 (5137 turns).

Cykl0x the Shield-Bearer (Formicid Fighter)         Turns: 5137, Time: 00:09:50

Health: -6/67      AC:  7    Str: 23    XL:     8   Next: 6%
Magic:  11/11      EV:  9    Int: 10    God:    Elyvilon [***...]
Gold:   211        SH: 10    Dex: 10    Spells: 7/7 levels left

rFire    . . .     SeeInvis +   a - +0 long sword
rCold    . . .     Faith    .   c - +0 kite shield
rNeg     . . .     Spirit   .   b - +0 scale mail
rPois    .         Reflect  .   (helmet unavailable)
rElec    .         Harm     .   (no cloak)
rCorr    .         Rampage  .   (no gloves)
Will     .....     Clarity  +   (no boots)
Stlth    ..........             (no amulet)
HPRegen  0.21/turn              (no ring)
MPRegen  0.12/turn              (no ring)

@: very slightly contaminated, invisible
A: permanent stasis, dig shafts and tunnels, four strong arms, antennae 3,
clarity, clever 1, robust 1
a: Dig, Shaft Self, Renounce Religion, Lesser Healing, Heal Other, Purification,
Divine Protection


You were on level 6 of the Dungeon.
You worshipped Elyvilon.
Elyvilon was most pleased with you.
You visited 1 branch of the dungeon, and saw 6 of its levels.

You collected 211 gold pieces.

Inventory:

Hand Weapons
 a - a +0 long sword (weapon)
 i - a +2 dagger of electrocution
Missiles
 e - 253 stones
 h - 20 poisoned darts
 m - 4 boomerangs (quivered)
Armour
 b - a +0 scale mail (worn)
 c - a +0 kite shield (worn)
Jewellery
 r - an uncursed amulet of faith {unknown}
Scrolls
 n - a scroll of remove curse
Potions
 d - a potion of brilliance
 f - a potion of magic
 k - 2 potions of haste {unknown}
 o - a potion of lignification {unknown}
 p - a potion of attraction {unknown}
 q - a potion of mutation


   Skills:
 + Level 4.3 Fighting
 + Level 4.4 Long Blades
 + Level 2.3 Throwing
 + Level 4.6 Armour
 + Level 1.2 Dodging
 + Level 5.5 Shields
 * Level 4.1 Invocations


You had 7 spell levels left.
You didn't know any spells.
Your spell library was empty.

Dungeon Overview and Level Annotations

Branches:
Dungeon (6/15)
 Temple: D:4-7

Altars:
Dithmenos
Elyvilon
Hepliaklqana
Makhleb
Nemelex Xobeh
Ru
Trog
Wu Jian
Xom
Yredelemnul
Zin

Annotations:
D:3 1 runed translucent door
D:5 2 transporters, lasso's ghost, amateur OpBr


Innate Abilities, Weirdness & Mutations

You cannot be hasted, slowed, berserked, paralysed or teleported.
You can dig through walls and to a lower floor.
Your four strong arms can wield two-handed weapons with a shield.
You have a pair of large antennae on your head. (SInv)
You possess an exceptional clarity of mind.
Your mind is acute. (Int +2)
You are robust. (+10% HP)


Message History

The orc warrior is moderately wounded.
You block the orc warrior's attack.
You slash the orc warrior!
The orc warrior is severely wounded.
The orc warrior hits you with a +0 battleaxe!
* * * LOW HITPOINT WARNING * * *
You completely miss the orc warrior.
The orc warrior is severely wounded.
The orc warrior hits you with a +0 battleaxe!
* * * LOW HITPOINT WARNING * * *
You closely miss the orc warrior.
The orc warrior is severely wounded.
You block the orc warrior's attack.
You hit the orc warrior but do no damage.
The orc warrior is severely wounded.
You block the orc warrior's attack.
You barely miss the orc warrior.
The orc warrior is severely wounded.
The orc warrior hits you with a +0 battleaxe!
You die...

##### ###
#.#.###########.###
#.................#
#.....#########.###
#.....# #.#
##..)..# #.#
....<..# #.#
####...# #.#
.......# #@#
.....#.# #o#
.......# #o#
######## #o# { ...
#.. #.. #..#


You could see an orc warrior and 2 orcs.

Vanquished Creatures
  2 ogres (D:4)
  A centaur (D:5)
  Blork the orc (D:4)
  An orc wizard (D:4)
  An orc priest (D:5)
  A hound (D:5)
  Terence (D:3)
  Natasha (thrice) (D:3)
  A worker ant (D:4)
  A hound zombie (D:5)
  4 gnolls
  5 adders
  A shadow imp (D:5)
  2 worms (D:2)
  A dart slug (D:1)
  2 leopard geckos
  11 orcs
  4 ball pythons
  4 giant cockroaches
  6 hobgoblins
  6 jackals (D:4)
  8 kobolds
  2 quokkas (D:5)
  12 bats
  6 frilled lizards
  12 goblins
  2 leopard gecko skeletons
  10 rats
111 creatures vanquished.

Notes
Turn   | Place    | Note
-------+----------+-------------------------------------------
     0 | D:1      | Cykl0x the Formicid Fighter began the quest for the Orb.
     0 | D:1      | Reached XP level 1. HP: 18/18 MP: 1/1
    80 | D:1      | Reached XP level 2. HP: 22/24 MP: 2/2
   396 | D:1      | Reached XP level 3. HP: 30/30 MP: 3/3
   421 | D:1      | Reached skill level 4 in Shields
   983 | D:1      | Reached XP level 4. HP: 35/37 MP: 4/4
  1118 | D:2      | Found a white marble altar of Elyvilon.
  1174 | D:2      | Became a worshipper of Elyvilon the Healer
  1392 | D:2      | Found an ornate altar of the Wu Jian Council.
  1548 | D:2      | Found a sacrificial altar of Ru.
  1554 | D:2      | Found a bloodstained altar of Trog.
  1556 | D:2      | Found a shadowy altar of Dithmenos.
  1757 | D:2      | Reached * piety under Elyvilon
  1994 | D:2      | Found a sparkling altar of Nemelex Xobeh.
  2157 | D:3      | Noticed Natasha
  2162 | D:3      | Killed Natasha
  2163 | D:3      | Reached skill level 1 in Throwing
  2163 | D:3      | Reached skill level 1 in Invocations
  2163 | D:3      | Reached XP level 5. HP: 42/42 MP: 5/5
  2176 | D:3      | Noticed a human
  2177 | D:3      | Found a runed translucent door.
  2183 | D:3      | Found a basalt altar of Yredelemnul.
  2243 | D:3      | Noticed Natasha
  2523 | D:3      | Killed Natasha
  2528 | D:3      | Noticed Terence
  2542 | D:3      | Gained mutation: You are robust. (+10% HP) [potion of
                  | mutation]
  2542 | D:3      | Gained mutation: Your mind is acute. (Int +2) [potion of
                  | mutation]
  2542 | D:3      | Gained mutation: You possess an exceptional clarity of
                  | mind. [potion of mutation]
  2546 | D:3      | Killed Terence
  2547 | D:3      | Reached XP level 6. HP: 15/52 MP: 7/7
  2990 | D:3      | Found a shimmering altar of Xom.
  2993 | D:3      | Found a shimmering altar of Xom.
  2993 | D:3      | Found a shimmering altar of Xom.
  2993 | D:3      | Found a shimmering altar of Xom.
  2994 | D:3      | Found a shimmering altar of Xom.
  3195 | D:3      | Noticed Natasha
  3208 | D:3      | Killed Natasha
  3209 | D:3      | Reached skill level 5 in Shields
  3600 | D:4      | Found a glowing silver altar of Zin.
  3631 | D:4      | Noticed an ogre
  3640 | D:4      | Killed an ogre
  3669 | D:4      | Reached ** piety under Elyvilon
  3687 | D:4      | Noticed an ogre
  3695 | D:4      | Killed an ogre
  3696 | D:4      | Reached skill level 1 in Dodging
  3696 | D:4      | Reached XP level 7. HP: 59/59 MP: 9/9
  3729 | D:4      | Found a hazy altar of Hepliaklqana.
  3801 | D:4      | Noticed Blork the orc
  3812 | D:4      | Killed Blork the orc
  4295 | D:5      | Entered Level 5 of the Dungeon
  4295 | D:5      | Found a burning altar of Makhleb.
  4541 | D:5      | Reached XP level 8. HP: 57/66 MP: 9/11
  4786 | D:5      | Found a transporter.
  4790 | D:5      | Found a transporter.
  4792 | D:5      | Noticed lasso's ghost (amateur OpBr)
  5015 | D:5      | Reached *** piety under Elyvilon
  5137 | D:6      | Mangled by an orc warrior

Illustrated notes

Levels and vault maps discovered:
D:1:      elethiomel_arrival_infinity_welcomes_careful_drivers,
          layout_loops_ring, hangedman_decor_clover_reticule,
          minmay_pentomino_p4
D:2:      layout_rooms, nzn_wu_jian_contemplation, minitemple,
          overflow_temple_1_default, marbit_many_paths, serial_forest,
          infiniplex_forest_end_1, infiniplex_forest_clump_double,
          infiniplex_forest_3_way, infiniplex_forest_lined_room_2,
          infiniplex_forest_clump_curved, infiniplex_forest_clump_C,
          infiniplex_forest_end_1, infiniplex_forest_clump_long,
          kennysheep_generic_room_6
D:3:      layout_rooms, xom_redecorated, kennysheep_another_room,
          dk_yredelemnul_ordeal, uniq_natasha, uniq_terence
D:4:      layout_gridville, lemuel_round_altar, kennysheep_mini,
          uniq_blork_the_orc
D:5:      layout_basic, lemuel_crystal_altar, gammafunk_ghost_hive
D:6:      layout_basic, nicolae_ashenzari_panopticon,
          minmay_temple_entry_nine_rooms, roderic_batcave,
          minmay_misc_feat_encased

Skill      XL: |  1  2  3  4  5  6  7 |
---------------+----------------------+-----
Shields        | 4 5 |  5.5
Armour         | 4 |  4.6
Throwing       | 1 2 |  2.3
Invocations    | 1 2 3 4 |  4.1
Long Blades    | 3 4 |  4.4
Fighting       | 4 |  4.3
Dodging        | 1 |  1.2

Action                   |  1- 3 |  4- 6 |  7- 9 || total
-------------------------+-------+-------+-------++-------
Melee: Long sword        |    77 |   206 |   102 ||   385
Throw: Stone             |    29 |    36 |     8 ||    73
       Dart              |       |    10 |     5 ||    15
       Boomerang         |       |       |    13 ||    13
 Abil: Dig               |       |     4 |     2 ||     6
  Use: Scroll            |       |     5 |     5 ||    10
       Potion            |       |     2 |     2 ||     4
 Stab: Invisible         |       |       |     1 ||     1
Armor: Scale mail        |    28 |    82 |    23 ||   133
Dodge: Dodged            |    30 |    84 |    29 ||   143
Block: Kite shield       |    52 |   126 |    56 ||   234
       Rpst.: Long sword |    13 |    27 |     8 ||    48
